 Dungeon Crawl Stone Soup version 0.16.1-12-gf5c4a84 (webtiles) character file.

158 yesno the Digger (level 5, -12/35 HPs)
             Began as a Vampire Earth Elementalist on Apr 9, 2015.
             Killed by divine providence
             ... invoked by an orc priest
              (15 damage)
             ... on level 3 of the Dungeon.
             The game lasted 00:20:21 (2453 turns).

yesno the Digger (Vampire Earth Elementalist)       Turns: 2453, Time: 00:20:21

Health: -12/35     AC:  4    Str:  7    XL:     5   Next: 16%
Magic:  1/11       EV: 13    Int: 18    God:
Gold:   120        SH:  0    Dex: 14    Spells: 3 memorised, 3 levels left

rFire  + . .     SeeInvis +     r - +1 hunting sling (flame)
rCold  . . .     Clarity  .     q - +2 robe {rF+}
rNeg   + + .     SustAb   .     (no shield)
rPois  .         Gourm    .     (no helmet)
rElec  .         Spirit   .     (no cloak)
rCorr  .         Warding  .     (no gloves)
rMut   .         Stasis   .     (no boots)
MR     .....                    (no amulet)
Stlth  +++.......               (no ring)
                                t - ring of positive energy

@: not resistant to hostile enchantments, fairly stealthy
A: bottle blood, fangs 3, see invisible, unbreathing
a: Bat Form


You were on level 3 of the Dungeon.
You were not thirsty.

You visited 1 branch of the dungeon, and saw 4 of its levels.

You collected 120 gold pieces.

Inventory:

Hand weapons
 a - a +0 dagger
 r - a +1 hunting sling of flaming (weapon)
Missiles
 b - 75 stones
 s - 11 steel sling bullets (quivered)
Armour
 c - a +0 robe
 g - a +1 robe of magic resistance
 q - a +2 robe of fire resistance (worn)
 w - a cursed +0 large shield
Jewellery
 l - a cursed amulet of inaccuracy {unknown}
 t - a ring of positive energy (left hand)
Scrolls
 e - a scroll of magic mapping {unknown}
 j - a scroll of amnesia {unknown}
 k - a scroll of enchant weapon {unknown}
 n - 6 scrolls of identify {unknown}
 u - a scroll of teleportation {unknown}
Potions
 f - a potion of haste
 h - 12 potions of blood
 m - a potion of might {unknown}
 o - a potion of invisibility {unknown}
 p - a potion of brilliance {unknown}
 v - a potion of resistance {unknown}
Books
 d - a book of Geomancy

   Spells                             Type                      Level
   a - Sandblast                      Earth                        1
   b - Stoneskin                      Transmutation/Earth          2
   c - Passwall                       Transmutation/Earth          3
   d - Stone Arrow                    Conjuration/Earth            3
   e - Petrify                        Transmutation/Earth          4
   f - Lee's Rapid Deconstruction     Earth                        5


   Skills:
 + Level 3.0 Dodging
 + Level 4.2 Stealth
 * Level 3.2 Spellcasting
 - Level 1.1 Transmutations
 * Level 4.3 Earth Magic


You had 3 spell levels left.
You knew the following spells:

 Your Spells              Type           Power        Failure   Level  Hunger
a - Sandblast             Erth           ###...       2%          1    None
b - Passwall              Trmt/Erth      ##........   17%         3    ###....
c - Stone Arrow           Conj/Erth      ##....       24%         3    ###....


Dungeon Overview and Level Annotations

Branches:
Dungeon (4/15)
 Temple: D:4-7

Altars:
Elyvilon
The Shining One

Annotations:
D:3 exclusions: orc, orc priest and orc wizard


Innate Abilities, Weirdness & Mutations

You can bottle blood from corpses.
You have razor-sharp teeth.
You have supernaturally acute eyesight.
You can survive without breathing.


Message History

Read which item? (? for menu, Esc to quit)
Okay, then.
You aren't carrying any items that can be evoked.
The orc priest mumbles some strange prayers to Beogh against you.
Pain shoots through your body!
* * * LOW HITPOINT WARNING * * *
You see here 2 stones.
Drink which item? (? for menu, Esc to quit)
It was a potion of cancellation.
Your magical contamination has completely faded away.
You feel magically purged.
The orc priest looks braver.
A giant newt comes into view.
The orc throws a stone.
The stone closely misses you. The gnoll hits you but does no damage.
You see here a stone.
The orc throws a stone.
The stone closely misses you.
The orc priest calls down the wrath of Beogh upon you.
Something smites you!
You die...

.##.#..#########l###.........###
.##.#gg.........................
..(.#.#.....#)##.###.o.......#
....#<#.....#.##g###)........#
$...###.....#.##((...####)##.#
....# ######.##.g...# #)# ###.#
###.##o....# #.# #.#
#....#(########.# #.# #..†.#@#
#<.....# #.# #....#.#####....###
#.# #....#....##......# #.#
#....#.....)S.....#
#.#########.##S...).......#
#............<............#
##########........)..######
#...........# ######.........##


You could see an orc priest, 2 gnolls, an adder, an orc and a giant newt.

Vanquished Creatures
  An orc priest (D:3)
  2 gnolls
  2 adders (D:2)
  A worm (D:2)
  A giant gecko (D:2)
  2 oozes
  14 orcs (D:3)
  A ball python (D:2)
  8 bats
  4 giant cockroaches
  4 goblins
  4 hobgoblins
  8 jackals (D:2)
  A quokka (D:2)
  5 giant newts
  6 kobolds
  5 rats
69 creatures vanquished.

Notes
Turn   | Place    | Note
--------------------------------------------------------------
     0 | D:1      | yesno, the Vampire Earth Elementalist, began the quest for the Orb.
     0 | D:1      | Reached XP level 1. HP: 13/13 MP: 3/3
   306 | D:1      | Reached XP level 2. HP: 11/19 MP: 2/4
   723 | D:2      | Reached XP level 3. HP: 17/24 MP: 0/6
   728 | D:2      | Learned a level 3 spell: Passwall
   835 | D:2      | Found a white marble altar of Elyvilon.
  1698 | D:2      | Learned a level 3 spell: Stone Arrow
  1758 | D:2      | Reached XP level 4. HP: 17/30 MP: 1/8
  1933 | D:3      | Reached skill level 4 in Earth Magic
  2174 | D:3      | Reached XP level 5. HP: 35/35 MP: 1/11
  2244 | D:3      | Found a glowing golden altar of the Shining One.
  2283 | D:4      | Noticed a phantom
  2453 | D:3      | Killed from afar by an orc priest

Action                   |  1- 3 |  4- 6 || total
-------------------------+-------+-------++-------
Melee: Club              |    14 |       ||    14
       Unarmed           |     8 |       ||     8
       Dagger            |   104 |     9 ||   113
 Fire: Hunting sling     |    12 |     6 ||    18
 Cast: Sandblast         |    52 |    27 ||    79
       Stone Arrow       |       |     7 ||     7
 Abil: End Transformatio |       |     2 ||     2
       Bat Form          |       |     2 ||     2
  Use: Potion            |     5 |     6 ||    11
       Scroll            |     1 |     1 ||     2
 Stab: Sleeping          |     3 |     1 ||     4
